Map: Ruins of Seras

Players

wabbajack

  • Race: Zerg Zerg
  • League: Gold

QeD - Winner!

  • Race: Zerg Zerg
  • League: Silver

VOD

Have the link to the VOD?

Description

Time

  • Played on: July 18, 2015, 4:56 p.m.
  • Length: 10:56
Show
View Real Time Build Order
Export as new Build Order

wabbajack Zerg 

Build Orders: Hatch First 

Get SALT Encoding   

  12  0:01  Drone  
  13  0:13  Overlord  
  13  0:18  Drone  
  14  0:25  Drone, Extractor  
  15  0:32  Drone  
  17  0:35  Drone  
  17  0:56  Hatchery  
  16  1:00  Drone  
  16  1:02  Drone  
  18  1:05  Extractor  
  18  1:09  Drone  
  18  1:20  Spawning Pool  
  18  1:24  Drone  
  18  1:29  Drone  
  19  1:42  Overlord  
  19  1:54  Drone  
  20  2:08  Queen  
  20  2:09  Queen  
  24  2:22  Spine Crawler  
  23  2:28  Drone  
  23  2:29  Drone x4  
  28  2:39  Roach Warren  
  28  2:42  Drone, Spine Crawler  
  27  2:49  Drone x2  
  29  3:02  Drone  
  29  3:03  Metabolic Boost  
  29  3:05  Overlord  
  30  3:09  Overlord  
  30  3:37  Roach x5  
  30  3:39  Roach  
  30  3:40  Roach x3  
  48  3:45  Roach  
  50  3:48  Roach  
  50  3:52  Overlord  
  52  4:09  Queen  
  52  4:12  Overlord  
  52  4:13  Zergling x2  
  52  4:14  Zergling x6  
  52  4:15  Zergling x2  
  52  4:16  Zergling x2  
  60  4:25  Overlord x2  
  60  4:50  Zergling x22  
  43  5:23  Drone x3  
  39  5:44  Roach x9  
  39  5:45  Roach  
  59  5:59  Drone x2  
  59  6:00  Drone x5, Extractor  
  65  6:08  Hatchery  
  64  6:11  Drone x2  
  66  6:36  Extractor  
  65  6:46  Extractor  
  64  6:49  Hatchery  
  63  7:07  Drone x3  
  66  7:11  Drone x3  
  66  7:12  Drone x2  
  66  7:13  Overlord x3  
  71  7:17  Queen  
  73  7:30  Overlord  
  73  7:36  Lair  
  73  7:40  Burrow  
  73  7:46  Drone  
  73  7:47  Evolution Chamber  
  73  7:49  Evolution Chamber  
  72  7:55  Baneling Nest  
  72  7:57  Roach x9  
  72  7:58  Roach x5  
  99  8:19  Overlord x2  
  99  8:25  Roach  
  99  8:26  Roach x6  
  113  8:29  Overlord  
  110  8:56  Hatchery  
  109  9:02  Hatchery  
  108  9:21  Roach  
  108  9:23  Hatchery, Roach  
  106  9:26  Roach  
  100  9:32  Roach  
  100  9:34  Roach x18  
  64  10:12  Drone x5  
  64  10:13  Drone x7  
  64  10:14  Drone x6  
  67  10:15  Drone x3  
  67  10:16  Drone x3  
  67  10:20  Drone x3  
  67  10:21  Drone  
  70  10:32  Hydralisk Den  
  70  10:35  Evolution Chamber  
  68  10:36  Hydralisk Den  
Show
View Real Time Build Order
Export as new Build Order

QeD Zerg - Winner!

Build Orders: Hatch First 

Get SALT Encoding   

  12  0:06  Drone  
  13  0:12  Overlord  
  13  0:18  Drone  
  14  0:31  Drone x2  
  16  0:39  Drone  
  17  0:54  Hatchery  
  16  0:59  Drone  
  17  1:13  Spawning Pool  
  17  1:14  Drone  
  17  1:17  Drone  
  18  1:22  Drone  
  20  1:40  Drone, Extractor  
  19  1:49  Overlord  
  19  2:00  Queen  
  21  2:02  Zergling x2  
  21  2:06  Queen  
  21  2:08  Zergling x4  
  26  2:17  Drone  
  26  2:18  Drone  
  28  2:26  Drone  
  29  2:37  Drone  
  29  2:41  Drone  
  29  2:43  Queen x2  
  35  2:44  Metabolic Boost  
  35  2:52  Overlord  
  35  2:57  Overlord  
  35  3:01  Drone  
  36  3:10  Baneling Nest  
  36  3:11  Drone  
  36  3:12  Drone x2  
  38  3:14  Drone  
  38  3:17  Drone  
  39  3:21  Drone  
  40  3:30  Drone  
  40  3:32  Drone  
  40  3:48  Overlord x2  
  40  3:49  Drone  
  40  3:55  Evolution Chamber  
  40  3:56  Evolution Chamber, Drone  
  40  3:57  Drone x2, Extractor  
  40  4:01  Drone  
  42  4:15  Hatchery  
  41  4:22  Zerg Melee Weapons Level 1  
  41  4:34  Zergling x12  
  41  4:35  Zergling x12  
  53  4:40  Zergling x2  
  54  4:47  Zergling x8  
  54  4:49  Zergling x2  
  53  5:06  Zergling x6  
  54  5:10  Zergling x2  
  46  5:18  Drone  
  46  5:19  Zergling x6  
  46  5:20  Zergling x8  
  53  5:22  Baneling x2  
  53  5:23  Baneling  
  53  5:28  Zergling x4  
  55  5:34  Zergling x2  
  56  5:37  Baneling x2  
  55  5:47  Drone x5  
  60  5:50  Drone  
  60  5:51  Drone  
  62  5:59  Lair  
  62  6:05  Zerg Ground Armor Level 1  
  62  6:10  Drone x3  
  65  6:15  Drone  
  65  6:16  Drone x2  
  68  6:21  Drone  
  68  6:22  Drone  
  68  6:23  Overlord  
  68  6:24  Drone  
  71  6:26  Drone  
  71  6:27  Drone  
  73  6:39  Overlord x2  
  73  6:53  Drone x8  
  81  7:03  Drone x3  
  81  7:07  Hatchery  
  83  7:19  Zerg Melee Weapons Level 2  
  83  7:26  Hydralisk Den  
  82  7:30  Queen  
  82  7:33  Zergling x20  
  94  7:44  Overlord x3  
  94  8:07  Drone  
  94  8:12  Overlord x2  
  95  8:14  Hydralisk x3  
  95  8:15  Zergling x2  
  95  8:16  Zergling x10  
  107  8:25  Drone, Extractor x2  
  98  8:42  Hydralisk x2  
  98  8:44  Zergling x28  
  98  8:45  Zergling x10  
  116  8:49  Zergling x2  
  117  9:04  Queen  
  119  9:10  Drone, Extractor  
  119  9:11  Drone x7, Extractor  
  119  9:16  Baneling x5  
  119  9:17  Baneling x3  
  125  9:21  Zergling x10  
  127  9:27  Zergling x20  
  121  9:34  Hydralisk x2  
  121  9:37  Zergling x2  
  116  9:47  Overseer  
  116  9:55  Zergling x22  
  114  10:03  Zergling x14  
  111  10:10  Zergling x2  
  105  10:17  Zergling x14  
  105  10:21  Hydralisk x5  
  120  10:35  Zergling x14  
  127  10:38  Zergling x2  
Tags
 
Add a new tag
Caveats
  • Supply blocks, unpowered buildings, or Contaminate may cause inaccurate times.
  • Supply counts are checked every 10 seconds.